 Dungeon Crawl Stone Soup version 0.28-a0-1506-g3893175d92 (webtiles) character file.

Game seed: 15087727588836174385

2776 Essalna the Conjurer (level 9, -4/57 HPs)
             Began as a Demonspawn Fire Elementalist on Jan 14, 2022.
             Was an Initiate of Ashenzari.
             Slain by a vampire (7 damage)
             ... in a bailey.
             The game lasted 00:15:39 (8289 turns).

Essalna the Conjurer (Demonspawn Fire Elementalist) Turns: 8289, Time: 00:15:40

Health: -4/57      AC: 13    Str:  7 (8)  XL:     9   Next: 42%
Magic:  3/28       EV: 13    Int: 20 (22) God:    Ashenzari [......]
Gold:   311        SH:  0    Dex:  8 (11) Spells: 15/22 levels left

rFire   . . .      SeeInvis +   H - +7 staff of the Meek {protect, meekguard}
rCold   + + +      Faith    .   (shield currently unavailable)
rNeg    . . .      Spirit   .   n - +5 robe of Yfiny {rElec rC+++ Regen+ Dex-2}
rPois   .          Reflect  .   (helmet unavailable)
rElec   +          Harm     .   q - +0 cloak
rCorr   .          Rampage  .   I - +2 pair of gloves
Will    .....                   f - +1 pair of boots
Stlth   +.........              (no amulet)
HPRegen 0.99/turn               x - ring of magical power
MPRegen 0.21/turn               F - ring of wizardry

@: no status effects
A: antennae 3, repulsion field 1, demonic guardian 1, spiny 1
a: Renounce Religion, Curse Item


You were in a bailey.
You worshipped Ashenzari.
Ashenzari was noncommittal.
You visited 2 branches of the dungeon, and saw 9 of its levels.
You also visited: Bailey.

You collected 311 gold pieces.

Inventory:

Hand Weapons
 m - a +0 dagger
 w - a +1 vampiric dagger
 H - the +7 staff of the Meek (weapon) {protect, meekguard}
   (You found it on level 6 of the Dungeon)

   It grants its wielder temporary protection when it strikes (+7 to AC).
   It provides extra protection to wielders with little health.
Missiles
 G - a throwing net
Armour
 a - a +0 robe
 e - a scarf of invisibility
 f - a +1 pair of boots (worn)
 n - the +5 robe of Yfiny (worn) {rElec rC+++ Regen+ Dex-2}
   (You found it on level 3 of the Dungeon)

   Dex:       It affects your dexterity (-2).
   rC:        It renders you almost immune to cold.
   rElec:     It insulates you from electricity.
   Regen:     It increases your rate of health regeneration.
 q - a +0 cloak (worn)
 I - a +2 pair of gloves (worn)
Jewellery
 u - a ring of ice
 x - a ring of magical power (left hand)
 F - a ring of wizardry (right hand)
Wands
 v - a wand of mindburst (34)
Scrolls
 g - 4 scrolls of teleportation
 p - 4 scrolls of identify {unknown}
 y - a scroll of holy word {unknown}
 z - 4 scrolls of fog {unknown}
 B - a scroll of torment {unknown}
 C - a scroll of fear {unknown}
 D - 3 scrolls of immolation {unknown}
Potions
 c - a potion of degeneration
 h - 2 potions of lignification {unknown}
 i - 4 potions of heal wounds {unknown}
 o - a potion of cancellation {unknown}
 r - 2 potions of haste {unknown}
 s - 2 potions of might {unknown}
 t - 2 potions of brilliance {unknown}
 A - a potion of magic {unknown}
 E - 3 potions of mutation {unknown}


   Skills:
 - Level 1.7 Dodging
 - Level 1.7 Stealth
 + Level 7.1 Spellcasting
 + Level 7.5 Conjurations
 + Level 7.4 Fire Magic


You had 15 spell levels left.
You knew the following spells:

 Your Spells              Type           Power      Damage    Failure   Level
a - Foxfire               Conj/Fire      100%       2x1d9     1%          1
b - Scorch                Fire           72%        2d9       1%          2
c - Flame Wave            Conj/Fire      37%        2d7       1%          4

Your spell library contained the following spells:

 Spells                   Type           Power      Damage    Failure   Level
 Magic Dart               Conj           100%       1d8       1%          1
 Conjure Flame            Conj/Fire      37%        6-21      1%          3
 Inner Flame              Hex/Fire       22%        N/A       2%          3
 Mephitic Cloud           Conj/Pois/Air  17%        N/A       4%          3
 Blink                    Tloc           14%        N/A       6%          2
 Call Imp                 Summ           7%         N/A       6%          2
 Lesser Beckoning         Tloc           7%         N/A       12%         3
 Manifold Assault         Tloc           7%         N/A       67%         5


Dungeon Overview and Level Annotations

Branches:
Dungeon (8/15)             Temple (1/1) D:4          Bailey (1/1)
   Lair: D:8-11

Altars:
Ashenzari
Dithmenos
Okawaru
Qazlal
Uskayaw
Vehumet
Xom
Yredelemnul
Beogh

Shops:
D:7 **


Innate Abilities, Weirdness & Mutations

You have a pair of large antennae on your head. (SInv)
You are surrounded by a mild repulsion field. (EV +2)
A weak demonic guardian rushes to your aid.
You are partially covered in sharp spines.


Message History

Your quasit bites the vampire.
Your quasit barely misses the vampire.
Your quasit claws the vampire but does no damage.
The vampire completely misses you. The vampire bites you.
* * * LOW HITPOINT WARNING * * *
The vampire draws strength from your injuries!
Your iron imp hits the vampire!
It was a potion of curing.
You feel better.
The vampire is no longer more vulnerable to fire.
Your quasit bites the vampire.
Your quasit closely misses the vampire.
Your quasit claws the vampire but does no damage.
The vampire casts a spell.
The vampire flickers and vanishes for a moment.
The vampire hits you with a +2 vampiric halberd!
* * * LOW HITPOINT WARNING * * *
A demonic guardian appears!
The vampire draws strength from your wounds!
The vampire closely misses you.
Okay, then.
Casting: Scorch (safe; 1% risk of failure)
Confirm with . or Enter, or press ? or * to list all spells.
Flames lash the vampire.
The vampire is almost destroyed.
The vampire's fire resistance burns away.
The vampire closely misses you. The vampire misses you.
The vampire closely misses you.
Casting: Scorch (safe; 1% risk of failure)
Confirm with . or Enter, or press ? or * to list all spells.
Flames lash the vampire but do no damage.
The vampire closely misses you. The vampire casts a spell at you.
You resist with some effort.
Casting: Scorch (safe; 1% risk of failure)
Confirm with . or Enter, or press ? or * to list all spells.
Flames lash the vampire.
The vampire is burned terribly!
The vampire is moderately damaged.
The vampire completely misses you.
The vampire hits you with a +2 vampiric halberd!
* * * LOW HITPOINT WARNING * * *
The vampire bites you!
You die...

#........#...####
#.....).####....+
#8.....##..##...+
#########....#...#
#8.......).......#
#.........#......#
###''##...##....8#
##55V)##...#######{
#.@V...##..)....8#{
#..5##...#8.......#
#..## #..##########
#.. ..# #8. ..# ##!
## ##


You could see 2 vampires, a friendly iron imp (summoned) and 2 friendly quasits.

Vanquished Creatures
  A gargoyle (Bailey)
  A vampire (Bailey)
  An acid dragon (D:8)
  2 water moccasins
  A hornet zombie (D:7)
  An ogre (D:4)
  A necrophage (D:4)
  An orc warrior (D:7)
  A sky beast (D:7)
  4 centaurs
  A phantom (D:4)
  A kobold brigand (D:7)
  2 bullfrogs
  A scorpion (D:4)
  5 wights
  A howler monkey (D:5)
  A centaur zombie (D:6)
  A jelly (D:6)
  4 orc priests
  A bullfrog skeleton (D:5)
  A hound (D:5)
  A centaur skeleton (D:5)
  5 orc wizards
  A hound zombie (D:5)
  A hound skeleton (D:4)
  2 howler monkey zombies
  4 gnolls (D:5)
  5 adders
  2 white imps (D:7)
  An adder skeleton (D:5)
  4 worms
  4 dart slugs
  24 orcs
  8 endoplasms
  3 giant cockroaches
  7 goblins
  8 hobgoblins
  11 kobolds
  3 quokkas
  10 ball pythons
  4 bats
  11 orc zombies (Bailey)
  A quokka skeleton (D:4)
  4 rats
157 creatures vanquished.

Vanquished Creatures (collateral kills)
  2 orcs
2 creatures vanquished.

Vanquished Creatures (others)
  893 foxfires
893 creatures vanquished.

Grand Total: 1052 creatures vanquished

Notes
Turn   | Place    | Note
-------+----------+-------------------------------------------
     0 | D:1      | Essalna the Demonspawn Fire Elementalist began the quest
                  | for the Orb.
     0 | D:1      | Reached XP level 1. HP: 13/13 MP: 3/3
   487 | D:2      | Gained mutation: A weak demonic guardian rushes to your
                  | aid. [demonic ancestry]
   487 | D:2      | Reached XP level 2. HP: 15/19 MP: 0/5
  1033 | D:2      | Gained mutation: You have a pair of small antennae on your
                  | head. [demonic ancestry]
  1033 | D:2      | Reached XP level 3. HP: 11/24 MP: 0/6
  1786 | D:2      | Found a faded altar of an unknown god.
  2362 | D:3      | Identified the +5 robe of Yfiny {rElec rC+++ Regen+ Dex-2}
  2399 | D:3      | Gained mutation: You have a pair of antennae on your head.
                  | [demonic ancestry]
  2399 | D:3      | Reached XP level 4. HP: 30/30 MP: 2/8
  3425 | D:4      | Noticed a scorpion
  3446 | D:4      | Killed a scorpion
  3447 | D:4      | Reached XP level 5. HP: 27/35 MP: 1/9
  3745 | D:5      | Entered Level 5 of the Dungeon
  3788 | D:5      | Noticed a centaur
  3823 | D:5      | Killed a centaur
  3824 | D:5      | Reached XP level 6. HP: 33/41 MP: 11/11
  4562 | D:4      | Gained mutation: You are surrounded by a mild repulsion
                  | field. (EV +2) [demonic ancestry]
  4562 | D:4      | Reached XP level 7. HP: 40/46 MP: 13/13
  4661 | D:4      | Found a staircase to the Ecumenical Temple.
  4678 | Temple   | Entered the Ecumenical Temple
  4715 | Temple   | Became a worshipper of Ashenzari the Shackled
  4792 | D:4      | Reached skill level 5 in Fire Magic
  5054 | D:4      | Reached skill level 5 in Spellcasting
  5054 | D:4      | Reached skill level 5 in Conjurations
  5240 | D:4      | Gained mutation: You have a pair of large antennae on your
                  | head. (SInv) [demonic ancestry]
  5240 | D:4      | Reached XP level 8. HP: 33/52 MP: 15/15
  5971 | D:6      | Found a hide-covered altar of Uskayaw.
  5987 | D:6      | Learned a level 2 spell: Scorch
  6015 | D:6      | Found a shadowy altar of Dithmenos.
  6095 | D:6      | Learned a level 4 spell: Flame Wave
  6310 | D:6      | Found a radiant altar of Vehumet.
  6322 | D:6      | Found an iron altar of Okawaru.
  6757 | D:6      | Found the +7 staff of the Meek {protect, meekguard}
  7530 | D:7      | Found Utianuz's General Store.
  7532 | D:7      | Found Naucia's Specific Store.
  7568 | D:7      | Gained mutation: You are partially covered in sharp spines.
                  | [demonic ancestry]
  7568 | D:7      | Reached XP level 9. HP: 57/57 MP: 18/18
  7863 | D:8      | Found a flagged portal.
  7878 | Bailey   | Entered a bailey
  8129 | Bailey   | Identified the -2 hat of the Hills {*Corrode rElec rPois
                  | Dex+2}
  8212 | Bailey   | Noticed a gargoyle
  8225 | Bailey   | Killed a gargoyle
  8289 | Bailey   | Slain by a vampire

Illustrated notes

Levels and vault maps discovered:
D:1:      minmay_arrival_doors, layout_basic
D:2:      layout_rooms, chequers_ecumenical_altar_simple_redux,
          small_statue_intersection, minmay_statues_item
D:3:      layout_loops_ring
D:4:      layout_basic, minmay_temple_entry_large_hall
D:5:      layout_basic, kennysheep_generic_room_10
D:6:      layout_cave_pools, nicolae_overflow_quartered_altars,
          minmay_misc_feat_rows, chequers_avenue, pf_guarded_unrand_meek
D:7:      layout_gridville, nicolae_specific_store
D:8:      layout_basic, enter_bailey_1, hangedman_decor_opposing
Temple:   nicolae_temple_elliptical
Bailey:   bailey_polearm_vampire_castle_hellmonk, bailey

Skill      XL: |  1  2  3  4  5  6  7  8  9 |
---------------+----------------------------+-----
Fire Magic     | 3 4 5 6 7 |  7.4
Conjurations   | 2 3 4 5 6 7 |  7.5
Spellcasting   | 3 4 5 6 7 |  7.1
Dodging        | |  1.7
Stealth        | |  1.7

Action                   |  1- 3 |  4- 6 |  7- 9 || total
-------------------------+-------+-------+-------++-------
Melee: Unarmed           |    26 |       |       ||    26
       Dagger            |       |    73 |    10 ||    83
       Punch             |       |     1 |       ||     1
       Quarterstaff      |       |       |    24 ||    24
 Cast: Foxfire           |    92 |   150 |   306 ||   548
       Scorch            |       |       |    30 ||    30
  Use: Scroll            |       |       |     5 ||     5
       Potion            |       |       |     2 ||     2
Armor: Robe              |     8 |    54 |    40 ||   102
Dodge: Dodged            |    25 |    81 |    71 ||   177

Table legend: (Time is in decaauts)
 A = Elapsed time spent in this place.
 B = Non-inter-level travel time spent in this place.
 C = Inter-level travel time spent in this place.
 D = Time resting spent in this place.
 E = Time spent auto-exploring this place.
 F = Levels seen in this place.
 G = Mean time per level.
                   A        B        C        D        E       F      G
               +--------+--------+--------+--------+--------+-----+--------+
         Total |   8297 |   8011 |    286 |    315 |   6227 |  10 |  829.7 |
       Dungeon |   7835 |   7569 |    266 |    315 |   5905 |   8 |  979.4 |
        Temple |     48 |     28 |     20 |      0 |     24 |   1 |   48.0 |
        Bailey |    413 |    413 |      0 |      0 |    298 |   1 |  413.0 |
               +--------+--------+--------+--------+--------+-----+--------+

Top non-repeatable levels by time:
     D:4: 1503 daAuts
     D:2: 1368 daAuts
     D:7: 1157 daAuts
     D:3: 1129 daAuts
     D:5: 1018 daAuts
     D:6: 834 daAuts
     D:1: 763 daAuts
  Bailey: 413 daAuts
     D:8: 59 daAuts
  Temple: 48 daAuts
